 Dungeon Crawl Stone Soup version 0.22-a0-799-g88f5e90 (webtiles) character file.

37 iamserjio the Ducker (level 3, -4/19 HPs)
             Began as a Spriggan Monk on July 21, 2018.
             Killed from afar by an orc wizard (9 damage)
             ... with a puff of flame
             ... on level 4 of the Dungeon.
             The game lasted 00:05:10 (859 turns).

iamserjio the Ducker (Spriggan Monk)                 Turns: 859, Time: 00:05:10

Health: -4/19      AC:  2    Str:  7    XL:     3   Next: 23%
Magic:  4/4        EV: 21    Int: 12    God:
Gold:   122        SH:  0    Dex: 18    Spells: 2/2 levels left

rFire    . . .     SeeInvis +   a - +0 short sword
rCold    . . .     Gourm    .   (shield restricted)
rNeg     . . .     Faith    .   b - +0 robe
rPois    .         Spirit   .   (helmet restricted)
rElec    .         Reflect  .   (no cloak)
rCorr    .         Harm     .   (gloves unavailable)
MR       .....                  (boots unavailable)
Stlth    +++.......             (no amulet)
HPRegen  0.06/turn              (no ring)
MPRegen  0.09/turn              (no ring)

@: very quick
A: very small, unfitting armour, see invisible, herbivore, speed 3, slow
metabolism 2
a: no special abilities


You were on level 4 of the Dungeon.
You were not hungry.

You visited 1 branch of the dungeon, and saw 4 of its levels.

You collected 122 gold pieces.

Inventory:

Hand Weapons
 a - a +0 short sword (weapon)
Missiles
 d - 23 poisoned needles
 h - 5 curare-tipped needles {!f}
Armour
 b - a +0 robe (worn)
Magical Staves
 j - an uncursed staff of energy {unknown}
Jewellery
 n - an uncursed ring of magical power {unknown}
Scrolls
 e - a scroll of amnesia {unknown}
 f - 3 scrolls of identify {unknown}
 l - a scroll of blinking {unknown}
Potions
 g - a potion of cancellation {unknown}
 i - a potion of curing {unknown}
 k - a potion of lignification {unknown}
 m - a potion of degeneration {unknown}
Comestibles
 c - 3 rations


   Skills:
 - Level 2.4 Fighting
 + Level 3.7 Short Blades
 + Level 5.0 Dodging
 * Level 4.6 Stealth


You had 2 spell levels left.
You didn't know any spells.
Your spell library was empty.

Dungeon Overview and Level Annotations

Branches:
Dungeon (4/15)
 Temple: D:4-7

Altars:

Annotations:
D:4 Dowan, Duvessa, Eustachio, Pikel


Innate Abilities, Weirdness & Mutations

You are very small and have problems with some larger weapons.
You are too small for most types of armour.
You have supernaturally acute eyesight. (SInv)
You are a herbivore.
You cover ground extremely quickly.
You need to consume almost no food.


Message History

You now have 122 gold pieces (gained 12).
The bat misses you. The bat closely misses you. x2
The bat misses you.
An orc priest comes into view.
The bat completely misses you. The bat misses you.
An orc wizard comes into view. It is wielding a dagger.
The orc wizard shouts!
The orc priest shouts!
You hear a shout!
The bat misses you.
An orc priest comes into view. It is wielding a mace.
The orc wizard gestures at you while chanting.
The magic dart hits you! The bat misses you. The bat completely misses you.
The bat barely misses you.
The orc priest mumbles some strange prayers to Beogh against you.
Pain shoots through your body!
* * * LOW HITPOINT WARNING * * *
The bat closely misses you. The bat completely misses you.
The orc wizard points at you and mumbles some strange words.
The puff of flame hits you!
You die...

.......##
#............#
........#
#..........o..
........# #........o...
......### #...........
....### #...o.......
#...## #..........
##...## #.b........
#....## ###..........
##....#####a..b@######.
##..(.#....e....#
##.............#
##.............#
#...............#
#.................#
#.........#.#.......#
#......##.....#...$...
....###.......)......


You could see Duvessa, a worker ant, 2 orc priests, an orc wizard and 2 bats.

Vanquished Creatures
  A dart slug (D:1)
  4 orcs (D:3)
  2 giant cockroaches
  4 goblins
  4 hobgoblins
  4 kobolds
  4 bats
  A frilled lizard (D:3)
  4 rats (D:1)
28 creatures vanquished.

Notes
Turn   | Place    | Note
-------+----------+-------------------------------------------
     0 | D:1      | iamserjio the Spriggan Monk began the quest for the Orb.
     0 | D:1      | Reached XP level 1. HP: 11/11 MP: 2/2
     1 | D:1      | Noticed a red draconian
     3 | D:1      | Noticed an orb of fire
     5 | D:1      | Noticed an ice dragon
     7 | D:1      | Noticed a tentacled monstrosity
     8 | D:1      | Noticed an ice dragon
    12 | D:1      | Noticed an iron dragon
    12 | D:1      | Noticed an ice dragon
    14 | D:1      | Noticed an ice dragon
    16 | D:1      | Noticed a tentacled monstrosity
    16 | D:1      | Noticed a shadow dragon
    16 | D:1      | Noticed an iron dragon
    18 | D:1      | Noticed an ice dragon
   209 | D:1      | Reached XP level 2. HP: 16/16 MP: 3/3
   644 | D:3      | Reached XP level 3. HP: 17/19 MP: 4/4
   734 | D:4      | Reached skill level 5 in Dodging
   749 | D:4      | Noticed an ogre
   794 | D:4      | Noticed Dowan
   797 | D:4      | Noticed Duvessa
   807 | D:4      | Noticed a slave
   812 | D:4      | Noticed Eustachio
   812 | D:4      | Noticed Pikel
   812 | D:4      | Noticed a slave
   812 | D:4      | Noticed a slave
   812 | D:4      | Noticed a slave
   859 | D:4      | Killed from afar by an orc wizard

Vault maps used:
D:1:      shiori_arrival_whats_in_store_for_you, minmay_misc_feat_four_crosses,
          minmay_heptomino_h4
D:2:      lemuel_crystal_altar
D:3:      first_ration, nemelex_lonely_heart_becter
D:4:      chequers_temple_overflow_minitemple, serial_shops, kennysheep_mini,
          nicolae_ossuary_entry_monument, uniq_eustachio, uniq_pikel,
          uniq_duvessa

Skill      XL: |  1  2  3 |
---------------+----------+-----
Stealth        | 4 |  4.6
Dodging        | 5 |  5.0
Fighting       | |  2.4
Short Blades   | |  3.7

Action                   || total
-------------------------++-------
Melee: Short sword       ||    99
 Stab: Sleeping          ||     6
Armor: Robe              ||    10
Dodge: Dodged            ||   145

Table legend:
 A = Spawn XP
 B = Non-spawn XP
 C = Spawn XP percentage of total XP
 D = Spawn monster count
 E = Non-spawn monster count
 F = Spawn count percentage of total count
 G = Total turns spent on level
                    A         B        C        D         E        F      G
               +---------+---------+-------+---------+---------+-------+---------
         Total |       0 |      54 |   0.0 |       0 |      28 |   0.0 |   859
               +---------+---------+-------+---------+---------+-------+---------
           D:1 |       0 |      25 |   0.0 |       0 |      14 |   0.0 |   311
           D:2 |       0 |       9 |   0.0 |       0 |       5 |   0.0 |   186
           D:3 |       0 |      18 |   0.0 |       0 |       8 |   0.0 |   232
           D:4 |       0 |       2 |   0.0 |       0 |       1 |   0.0 |   130
               +---------+---------+-------+---------+---------+-------+---------
